 Dungeon Crawl Stone Soup version 0.27-a0-1123-g2f9bb313c0 (webtiles) character file.

Game seed: 17362315697200702240

2 Zeld the Shield-Bearer (level 1, 0/16 HPs)
             Began as an Octopode Fighter on May 3, 2021.
             Slain by a goblin
             ... wielding a +0 club
              (4 damage)
             ... on level 2 of the Dungeon.
             The game lasted 00:00:13 (67 turns).

Zeld the Shield-Bearer (Octopode Fighter)             Turns: 67, Time: 00:00:13

Health: 0/16       AC:  1    Str: 15    XL:     1   Next: 40%
Magic:  1/1        EV: 11    Int: 10    God:
Gold:   0          SH:  8    Dex: 11    Spells: 0/0 levels left

rFire    . . .     SeeInvis .   a - +0 war axe
rCold    . . .     Faith    .   b - +0 kite shield
rNeg     . . .     Spirit   .   (helmet restricted)
rPois    .         Reflect  .   (no amulet)
rElec    .         Harm     .   (no ring)
rCorr    .         Rampage  .   (no ring)
Will     .....                  (no ring)
Stlth    ++........             (no ring)
HPRegen  0.05/turn              (no ring)
MPRegen  0.07/turn              (no ring)
                                (no ring)
                                (no ring)

@: lethally poisoned (0 -> -5)
A: almost no armour, amphibious, 8 rings, camouflage 1, gelatinous body 1,
(nimble swimmer 1), tentacles
a: no special abilities


You were on level 2 of the Dungeon.
You visited 1 branch of the dungeon, and saw 2 of its levels.

Inventory:

Hand Weapons
 a - a +0 war axe (weapon)
Armour
 b - a +0 kite shield (worn)
Potions
 c - a potion of might


   Skills:
 * Level 3.0 Fighting
 * Level 2.1 Axes
 - Level 3.0 Dodging
 * Level 3.0 Shields


You couldn't memorise any spells.
You didn't know any spells.
Your spell library was empty.

Dungeon Overview and Level Annotations

Branches:
Dungeon (1/15)

Altars:


Innate Abilities, Weirdness & Mutations

You cannot wear most types of armour.
You are amphibious.
You can wear up to eight rings at the same time.
Your skin changes colour to match your surroundings (Stealth+).
Your rubbery body absorbs attacks. (AC +1, EV +1)
((You are camouflaged near water. (Stealth+)))
You have tentacles for arms and can constrict up to eight enemies at once.


Message History

A goblin comes into view. It is wielding a +0 club.
The goblin shouts!
Found a scroll labelled TEQEIBR KEERGHETT and 18 stones.
A quokka and an endoplasm come into view.
You closely miss the quokka.
The endoplasm quivers.
Your grab misses the quokka. You squeeze the quokka.
You kill the quokka!
An adder comes into view.
The adder moves out of view.
The adder hisses angrily.
You slash the endoplasm!
You kill the endoplasm!
The goblin closely misses you.
You closely miss the goblin. Your grab misses the goblin.
Your squeeze misses the goblin. The goblin barely misses you.
The adder closely misses you. You block the goblin's attack.
You hit the adder. Your grab misses the adder.
The adder is severely wounded.
Your shield prevents you from hitting the goblin.
The adder bites you.
You are poisoned.
The adder poisons you! You block the adder's attack.
The goblin hits you with a +0 club.
You barely miss the adder. Your grab misses the adder.
The adder is severely wounded.
You barely miss the goblin.
You feel sick. The adder bites you. You block the goblin's attack.
You block the adder's attack. The goblin barely misses you.
The adder bites you.
You are lethally poisoned!
The adder poisons you!
You are too injured to fight recklessly!
You are too injured to fight recklessly!
You hit the adder.
You kill the adder!
You closely miss the goblin.
* * * LOW HITPOINT WARNING * * *
You feel very sick. The goblin hits you with a +0 club.
You die...

#. .# #.# .# #..
##.#### #.#
.......
#####..###.......
#................
#...........(....
#.....g@.........
#.....†...##.####
#.........#
#######..## ...#
..... #.....
#.....#


You could see a goblin.

Vanquished Creatures
  An adder (D:2)
  An endoplasm (D:2)
  A quokka (D:2)
3 creatures vanquished.

Notes
Turn   | Place    | Note
-------+----------+-------------------------------------------
     0 | D:1      | Zeld the Octopode Fighter began the quest for the Orb.
     0 | D:1      | Reached XP level 1. HP: 16/16 MP: 1/1
    59 | D:1      | You fall into a shaft and drop 1 floor!
    67 | D:2      | Slain by a goblin

Illustrated notes

Levels and vault maps discovered:
D:1:      dpeg_arrival_three_same_balls, layout_rooms, st_stairs_7,
          lexackson_kobold_supper
D:2:      layout_basic, minmay_misc_feat_room, kennysheep_potato, uniq_terence

Action                   || total
-------------------------++-------
Melee: War axe           ||     6
       Tentacles         ||     1
Dodge: Dodged            ||     4
Block: Kite shield       ||     4

Table legend: (Time is in decaauts)
 A = Elapsed time spent in this place.
 B = Non-inter-level travel time spent in this place.
 C = Inter-level travel time spent in this place.
 D = Time resting spent in this place.
 E = Time spent auto-exploring this place.
 F = Levels seen in this place.
 G = Mean time per level.
                   A        B        C        D        E       F      G
               +--------+--------+--------+--------+--------+-----+--------+
         Total |     70 |     70 |      0 |      0 |     53 |   2 |   35.0 |
       Dungeon |     70 |     70 |      0 |      0 |     53 |   2 |   35.0 |
               +--------+--------+--------+--------+--------+-----+--------+

Top non-repeatable levels by time:
     D:1: 59 daAuts
     D:2: 11 daAuts
